 Dungeon Crawl Stone Soup version 0.29-a0-251-g80730f7218 (webtiles) character file.

Game seed: 11760511053015020044

7 spaghetti the Skirmisher (level 1, 0/18 HPs)
             Began as a Demonspawn Chaos Knight on Mar 5, 2022.
             Was a Plaything of Xom.
             Slain by a hog (shapeshifter) (3 damage)
             ... on level 1 of the Dungeon.
             The game lasted 00:00:25 (336 turns).

spaghetti the Skirmisher (Demonspawn Chaos Knight)   Turns: 336, Time: 00:00:27

Health: 0/18       AC:  9    Str: 12    XL:     1   Next: 91%
Magic:  1/1        EV: 11    Int: 13    God:    Xom [...*..]
Gold:   13         SH:  0    Dex: 12    Spells: 0/0 levels left

rFire   . . .      SeeInvis .   a - +0 falchion (chaos) {long}
rCold   . . .      Faith    .   (no shield)
rNeg    . . .      Spirit   .   b - +2 leather armour
rPois   .          Reflect  .   (no helmet)
rElec   .          Harm     .   (no cloak)
rCorr   .          Rampage  .   (no gloves)
Will    .....                   (no boots)
Stlth   +.........              (no amulet)
HPRegen 0.06/turn               c - +4 ring of protection
MPRegen 0.07/turn               (no ring)

@: no status effects
A: no striking features
a: Renounce Religion


You were on level 1 of the Dungeon.
You worshipped Xom.
You were a favourite toy of Xom.
You visited 1 branch of the dungeon, and saw 1 of its levels.

You collected 13 gold pieces.


   Skills:
 - Level 3.0 Fighting
 - Level 2.6 Long Blades
 - Level 1.7 Armour
 + Level 1.8 Dodging


You couldn't memorise any spells.
You didn't know any spells.
Your spell library was empty.

Inventory:

Hand Weapons
 a - a +0 falchion of chaos (weapon) {long}
Missiles
 d - 18 stones (quivered) {throwing}
Armour
 b - a +2 leather armour (worn)
Jewellery
 c - a +4 ring of protection (left hand)
   (You found it on level 1 of the Dungeon)

Dungeon Overview and Level Annotations

Branches:
Dungeon (1/15)

Altars:

######### ........## ##########
........# .........# #.#.#.#..##
########.## ......)...#
####...### .#.#.#.#..## #.#
#.........
...........#######.#####..###.###
#.#.#.#.#.......@.......#.###.#
.........#####.##..##.###.##.#
.#[#.#.#.#.####.##....## ##>..###
.............##.##...#.###.......
#.#.#.#.#.#......†......#........
............................###
.#.#.#.#.#........####.##...##.
.................# #.##)..'.#
.#.#.#.#......>.## #......#.'


There were no monsters in sight!


Message History

Key pressed, stopping explore.
A kobold comes into view. It is wielding a +0 club. 😎 HP[+12]
Your hp is fully restored (18).
A kobold is nearby!
A kobold is nearby!
A kobold is nearby!
The kobold shouts!
You hit the kobold.
You kill the kobold!
No target in view!
No target in view!
No target in view!
No target in view!
No target in view!
No target in view!
No target in view!
No target in view!
No target in view!
No target in view!
You open the door.
There is an open door here.
You now have 13 gold pieces.
d - 18 stones {throwing} You open the door.
There is an open door here.
Key pressed, stopping explore.
Found a stone staircase leading down.
A hobgoblin and a bat come into view.
The hobgoblin shouts!
The bat barely misses you. The bat misses you.
You hit the bat. You freeze the bat.
You kill the bat!
A hobgoblin comes into view.
The hobgoblin shouts!
You barely miss the hobgoblin. The hobgoblin closely misses you.
You hit the hobgoblin.
The hobgoblin hits you but does no damage.
You completely miss the hobgoblin. The hobgoblin completely misses you.
You closely miss the hobgoblin. The hobgoblin barely misses you.
The hobgoblin hits you but does no damage.
The hobgoblin closely misses you.
You hit the hobgoblin.
You kill the hobgoblin!
The hobgoblin barely misses you.
You hit the hobgoblin.
The hobgoblin hits you but does no damage.
You closely miss the hobgoblin.
The hobgoblin hits you but does no damage.
You hit the hobgoblin but do no damage. The hobgoblin barely misses you.
You closely miss the hobgoblin. The hobgoblin closely misses you.
You hit the hobgoblin. You freeze the hobgoblin.
You kill the hobgoblin!
No target in view!
No target in view!
No target in view!
No target in view!
No target in view!
A frilled lizard comes into view.
The frilled lizard hisses angrily.
A frilled lizard is nearby!
A kobold and a bat come into view.
The frilled lizard hisses.
The kobold moves out of view.
You hit the frilled lizard.
The frilled lizard seems to slow down.
You freeze the frilled lizard.
You kill the frilled lizard!
The bat hits you but does no damage.
You hit the bat.
You kill the bat!
Xom's power touches on a nearby monster.
The kobold changes into a shapeshifter!
The shapeshifter changes into a human!
You hit the human.
The human changes into a hog!
You hit the hog. You burn the hog. The hog bites you. 😕 HP[-4]
You take 4 damage, and now have 14/18 hp.
MASSIVE DAMAGE!! (PAUSE)
You hit the hog. You burn the hog. The hog bites you but does no damage.
You closely miss the hog. The hog bites you but does no damage.
The hog barely misses you.
You hit the hog.
The hog flickers and vanishes!
Deactivating autopickup; reactivate with Ctrl-A.
Something bites you!
Ouch! That really hurt!
* * * LOW HITPOINT WARNING * * *
Something bites you.
* * * LOW HITPOINT WARNING * * *
😱 HP[-12]
You take 12 damage, and now have 2/18 hp.
MASSIVE DAMAGE!! (PAUSE) Unknown command.
Unknown command.
Something bites you but does no damage. 😱 HP[+1]
Something bites you but does no damage.
You are now a favourite toy of Xom.
Something bites you.
You die... "What!?
That's it?"

Skill      XL: |  1 |
---------------+----+-----
Dodging        | 1 |  1.8
Fighting       | |  3.0
Long Blades    | |  2.6
Armour         | |  1.7

Action                   || total
-------------------------++-------
Melee: Falchion          ||    24
Armor: Leather armour    ||     9
Dodge: Dodged            ||    11

Levels and vault maps discovered:
D:1:      minmay_arrival_stone_box, layout_loops_ring, hex_large

Notes
Turn   | Place    | Note
-------+----------+-------------------------------------------
     0 | D:1      | spaghetti the Demonspawn Chaos Knight began the quest for
                  | the Orb.
     0 | D:1      | Reached XP level 1. HP: 18/18 MP: 1/1
     0 | D:1      | magus.rc [v1.9.6]
    40 | D:1      | Reached skill level 1 in Dodging
    56 | D:1      | XOM: silly message
   321 | D:1      | Noticed a shapeshifter
   321 | D:1      | a kobold changed into a shapeshifter
   321 | D:1      | XOM: polymorph kobold -> shapeshifter
   321 | D:1      | Noticed a human
   321 | D:1      | a shapeshifter changed into a human
   322 | D:1      | Noticed a hog
   322 | D:1      | a human changed into a hog
   326 | D:1      | HP: 3/18 [something (11)]
   336 | D:1      | Slain by a hog (shapeshifter)

Vanquished Creatures
  An endoplasm (D:1)
  2 hobgoblins (D:1)
  2 bats (D:1)
  A frilled lizard (D:1)
  A kobold (D:1)
7 creatures vanquished.

Table legend:
 A = Non-vault XP
 B = Vault XP
 C = Vault XP percentage of total XP
 D = Non-vault monster count
 E = Vault monster count
 F = Vault count percentage of total count
                 A         B        C        D         E       F
            +---------+---------+-------+---------+---------+-------
      Total |      11 |       0 |   0.0 |       7 |       0 |   0.0
            +---------+---------+-------+---------+---------+-------
        D:1 |      11 |       0 |   0.0 |       7 |       0 |   0.0
            +---------+---------+-------+---------+---------+-------

Illustrated notes

Table legend:
 A = Kills in this place as a percentage of kills in entire the game.
 B = Kills by you in this place as a percentage of kills by you in the entire game.
 C = Kills by friends in this place as a percentage of kills by friends in the entire game.
 D = Other kills in this place as a percentage of other kills in the entire game.
 E = Experience gained in this place as a percentage of experience gained in the entire game.
 F = Experience gained in this place divided by the number of levels of this place that you have seen.
                   A       B       C       D       E      F
               +-------+-------+-------+-------+-------+----------------------
         Total | 100.0 | 100.0 |   N/A |   N/A | 100.0 |  11.0
       Dungeon | 100.0 | 100.0 |   N/A |   N/A | 100.0 |  11.0
               +-------+-------+-------+-------+-------+----------------------

Table legend: (Time is in decaauts)
 A = Elapsed time spent in this place.
 B = Non-inter-level travel time spent in this place.
 C = Inter-level travel time spent in this place.
 D = Time resting spent in this place.
 E = Time spent auto-exploring this place.
 F = Levels seen in this place.
 G = Mean time per level.
                   A        B        C        D        E       F      G
               +--------+--------+--------+--------+--------+-----+--------+
         Total |    339 |    339 |      0 |     17 |    269 |   1 |  339.0 |
       Dungeon |    339 |    339 |      0 |     17 |    269 |   1 |  339.0 |
               +--------+--------+--------+--------+--------+-----+--------+

Top non-repeatable levels by time:
     D:1: 339 daAuts
